 Dungeon Crawl Stone Soup version 0.21.1-1-g345015f (webtiles) character file.

96 inc the Conjurer (level 4, -2/27 HPs)
             Began as an Octopode Conjurer on June 11, 2018.
             Slain by a gnoll
             ... wielding a +0 flail
              (14 damage)
             ... on level 4 of the Dungeon.
             The game lasted 00:02:59 (2346 turns).

inc the Conjurer (Octopode Conjurer)                Turns: 2346, Time: 00:02:59

Health: -2/27      AC:  1    Str:  7    XL:     4   Next: 67%
Magic:  1/9        EV: 13    Int: 18    God:
Gold:   118        SH:  0    Dex: 12    Spells: 3/9 levels left

rFire    . . .     SeeInvis .   c - +0 short sword
rCold    . . .     Gourm    .   (no shield)
rNeg     . . .     Faith    .   (helmet restricted)
rPois    .         Spirit   .   (no amulet)
rElec    .         Reflect  .   (no ring)
rCorr    .         Harm     .   (no ring)
MR       .....                  (no ring)
Stlth    +++.......             (no ring)
HPRegen  0.09/turn              (no ring)
MPRegen  0.11/turn              (no ring)
                                (no ring)
                                (no ring)

@: very slightly contaminated
A: almost no armour, stealthy swim, amphibious, 8 rings, constrict 8, camouflage
1, gelatinous body 1
a: no special abilities


You were on level 4 of the Dungeon.
You were near starving.

You visited 1 branch of the dungeon, and saw 4 of its levels.

You collected 118 gold pieces.

Inventory:

Hand Weapons
 c - a +0 short sword (weapon)
 f - a -2 rapier
Scrolls
 d - a scroll of remove curse
 e - 3 scrolls of identify {unknown}
 g - 2 scrolls of teleportation {unknown}
 h - a scroll of enchant armour {unknown}
Potions
 i - a potion of ambrosia {unknown}
Books
 a - a book of Conjurations

   Spells                             Type                      Level
   a - Magic Dart                     Conjuration                  1
   b - Searing Ray                    Conjuration                  2
   c - Dazzling Spray                 Conjuration/Hexes            3
   d - Fulminant Prism                Conjuration/Hexes            4
   e - Force Lance                    Conjuration/Translocation    4
   f - Iskenderun's Mystic Blast      Conjuration                  4
Comestibles
 b - 5 rations


   Skills:
 - Level 2.0 Dodging
 - Level 2.6 Stealth
 + Level 3.3 Spellcasting
 - Level 5.1 Conjurations


You had 3 spell levels left.
You knew the following spells:

 Your Spells              Type           Power        Failure   Level  Hunger
a - Magic Dart            Conj           ###.         1%          1    None
b - Searing Ray           Conj           ###...       3%          2    ##.....
c - Dazzling Spray        Conj/Hex       ##....       17%         3    ###....


Dungeon Overview and Level Annotations

Branches:
Dungeon (4/15)
 Temple: D:4-7

Altars:
Vehumet
Xom

Shops:
D:4 (

Annotations:
D:3 Sigmund


Innate Abilities, Weirdness & Mutations

You cannot wear most types of armour.
You are very stealthy in the water. (Stealth+)
You are amphibious.
You can wear up to eight rings at the same time.
You can use your tentacles to constrict eight enemies at once.
Your skin changes colour to match your surroundings (Stealth+).
Your rubbery body absorbs attacks. (AC +1, EV +1)


Message History

The gnoll is lightly wounded.
You constrict the gnoll. The gnoll hits you with a spear.
You hit the gnoll.
The gnoll is heavily wounded.
You constrict the gnoll, but do no damage.
The gnoll closely misses you.
You hit the gnoll.
The gnoll is almost dead.
You constrict the gnoll, but do no damage.
The gnoll hits you with a spear.
You completely miss the gnoll.
The gnoll is almost dead.
You constrict the gnoll. The gnoll hits you with a spear.
You hit the gnoll.
You kill the gnoll!
You barely miss the gnoll. Your grab misses the gnoll.
The gnoll is severely wounded.
The gnoll hits you with a flail!
Ouch! That really hurt!
You die...

....###.##.#####.#
##.....###.#####.#
..............#.##
..................#
........#.###...######
#....................#
......#...###.#.####.#
##..###.# #.#.# #. #.#
#.#@# ..###.#g####.#.#
...............#
..#.#.#.####.#.#
.#.###.####.#.###
..........g.$.....
..#..##.####....##
...( .... ...#
..#...... ..#


You could see a gnoll.

Vanquished Creatures
  3 gnolls (D:4)
  3 adders (D:2)
  A worm (D:2)
  2 leopard geckos (D:2)
  2 giant cockroaches (D:4)
  A goblin (D:2)
  4 hobgoblins (D:1)
  5 kobolds
  A quokka (D:2)
  6 bats
  8 frilled lizards
  3 rats
39 creatures vanquished.

Notes
Turn   | Place    | Note
-------+----------+-------------------------------------------
     0 | D:1      | inc the Octopode Conjurer began the quest for the Orb.
     0 | D:1      | Reached XP level 1. HP: 11/11 MP: 3/3
     0 | D:1      | Noticed a dwarf
     0 | D:1      | Noticed a dwarf
     1 | D:1      | Noticed a felid
     3 | D:1      | Noticed a troll
     3 | D:1      | Noticed a ghoul
     6 | D:1      | Noticed a centaur
     7 | D:1      | Noticed an ogre
     8 | D:1      | Noticed an octopode
    10 | D:1      | Noticed a centaur
    12 | D:1      | Noticed a centaur
    12 | D:1      | Noticed a naga
    14 | D:1      | Noticed a troll
    16 | D:1      | Noticed a dwarf
    16 | D:1      | Noticed an elf
   456 | D:1      | Reached XP level 2. HP: 17/17 MP: 5/5
  1028 | D:2      | Found a radiant altar of Vehumet.
  1131 | D:2      | Found a shimmering altar of Xom.
  1262 | D:2      | Reached XP level 3. HP: 21/21 MP: 3/6
  1271 | D:2      | Reached skill level 5 in Conjurations
  1300 | D:2      | Learned a level 2 spell: Searing Ray
  1304 | D:2      | Learned a level 3 spell: Dazzling Spray
  1674 | D:2      | Reached XP level 4. HP: 27/27 MP: 3/8
  1994 | D:3      | Noticed Sigmund
  2006 | D:4      | Found Loyvog's Weapon Shoppe.
  2346 | D:4      | Slain by a gnoll

Skill      XL: |  1  2  3  4 |
---------------+-------------+-----
Conjurations   | 5 |  5.1
Spellcasting   | 3 |  3.3
Dodging        | |  2.0
Stealth        | |  2.6

Action                   |  1- 3 |  4- 6 || total
-------------------------+-------+-------++-------
Melee: Unarmed           |    12 |       ||    12
       Short sword       |    36 |     7 ||    43
       Constrict         |     9 |     2 ||    11
       Tentacles         |     3 |     1 ||     4
 Cast: Magic Dart        |    43 |     8 ||    51
       Searing Ray       |       |     2 ||     2
  Use: Scroll            |     2 |       ||     2
 Stab: Sleeping          |     5 |     1 ||     6
  Eat: Chunk             |     3 |       ||     3
Armor: Skin              |     6 |       ||     6
Dodge: Dodged            |    43 |     8 ||    51
